 Dungeon Crawl Stone Soup version 0.31-a0-691-g409c26aa35 (webtiles) character file.

Game seed: 4349834825544850835

331 qw the Shooter (level 6, -2/39 HPs)
             Began as a Gargoyle Hunter on Sept 6, 2023.
             Slain by an orc priest
             ... wielding a +0 flail
              (5 damage)
             ... on level 3 of the Dungeon.
             The game lasted 00:00:59 (2138 turns).

qw the Shooter (Gargoyle Hunter)                    Turns: 2138, Time: 00:00:59

Health: -2/39      AC:  7    Str: 15    XL:     6   Next: 51%
Magic:  6/6        EV: 11    Int:  9    God:
Gold:   163        SH:  0    Dex: 15    Spells: 5/5 levels left

rFire   . . .        Y - +0 shortbow
rCold   . . .        (shield currently unavailable)
rNeg    + . .        c - +0 leather armour
rPois   inf          (no helmet)
rElec   +            (no cloak)
rCorr   .            (no gloves)
SInv    .            (no boots)
Will    .....        (no amulet)
Stlth   ++           (no ring)
HPRegen 0.26/turn    (no ring)
MPRegen 0.10/turn

%: no passive effects
@: about to teleport
A: sickness immunity, AC +4, negative energy resistance 1, electricity
resistance, torment resistance 1, petrification resistance
a: no special abilities


You were on level 3 of the Dungeon.
You visited 1 branch of the dungeon, and saw 3 of its levels.

You collected 193 gold pieces.
You spent 30 gold pieces at shops.


Innate Abilities, Weirdness & Mutations

You are immune to sickness and miasma.
Your stone body is resilient. (AC +4)
You are immune to poison.
You resist negative energy. (rN+)
You are resistant to electric shocks. (rElec)
You are resistant to unholy torment.
You are immune to petrification.


   Skills:
 - Level 4.6 Fighting
 + Level 6.5 Ranged Weapons
 - Level 1.5 Dodging
 - Level 1.1 Stealth


You had 5 spell levels left.
You didn't know any spells.
Your spell library was empty.

Inventory:

Hand Weapons
 Y - a +0 shortbow (weapon)
Armour
 b - a +0 ring mail
 c - a +0 leather armour (worn)
Scrolls
 a - a scroll of blinking {unknown}
 e - a scroll of enchant armour
 f - a scroll of silence {unknown}
 j - a scroll of identify
 k - a scroll of enchant weapon {unknown}
Potions
 d - a potion of lignification {unknown}
 g - 3 potions of curing
 i - a potion of mutation {unknown}

Dungeon Overview and Level Annotations

Branches:
Dungeon (3/15)

Altars:
Makhleb
Yredelemnul

Shops:
D:2 *


Message History

You shoot an arrow. The arrow hits the orc.
The orc shouts!
The orc is severely wounded.
You hear a shout!
An orc comes into view. It is wielding a +0 club.
The orc shouts!
You shoot an arrow. The arrow barely misses the orc.
The arrow hits the orc.
The orc is moderately wounded.
An orc priest comes into view. It is wielding a +0 flail.
The orc throws a boomerang.
The boomerang barely misses you.
The orc throws a boomerang.
The boomerang hits you.
You shoot an arrow.
The arrow hits the orc but does no damage.
The orc is severely wounded.
The orc priest mumbles some strange prayers to Beogh against you.
Beogh smites you!
You shoot an arrow. The arrow hits the orc!
You kill the orc!
The orc priest invokes the aid of Beogh against you.
Pain shoots through your body!
You shoot an arrow. The arrow hits the orc.
The orc is severely wounded.
The orc barely misses you.
The orc priest mumbles some strange prayers to Beogh against you.
Beogh smites you!
2135 ||| READING scroll of teleportation.
As you read the scroll of teleportation, it crumbles to dust.
You feel strangely unstable. The orc barely misses you.
The orc priest calls upon Beogh to heal the orc.
The orc's wounds heal themselves!
You shoot an arrow. The arrow hits the orc!
You kill the orc!
You shoot an arrow.
The arrow closely misses the orc priest.
The orc priest hits you with a +0 flail.
You shoot an arrow. The arrow hits the orc priest.
The orc priest is moderately wounded.
The orc priest hits you with a +0 flail.
You die...

#.# ####.# .....#
.....# .##.## ###
.##.# .. ###.# #.
###.#
###.#############
....#
#..o@..##.......#
#####
#.#)##.##.#####.#
#. #.##.#####.#
.... ..
#..........#
##...## ###
####.#..##.#
##.....##
#.#...#.#
#.......#
#.......#
####.....^.#
###.....#
...........#
###.###


You could see an orc priest.

Vanquished Creatures
  Pargi (D:3)
  A scorpion (D:3)
  Terence (D:3)
  Natasha (thrice) (D:3)
  3 adders
  A dart slug (D:1)
  3 orcs (D:3)
  11 bats
  4 endoplasms
  3 giant cockroaches
  2 hobgoblins
  8 jackals
  2 quokkas (D:1)
  2 goblins (D:2)
  3 kobolds
  4 rats
52 creatures vanquished.

Notes
Turn   | Place    | Note
-------+----------+-------------------------------------------
     0 | D:1      | qw the Gargoyle Hunter began the quest for the Orb.
     0 | D:1      | Reached XP level 1. HP: 12/12 MP: 1/1
     0 | D:1      | 0 ||| qw: Version: 0.3-a-76-g4403597
     0 | D:1      | 0 ||| qw: Game counter: 47
     0 | D:1      | 0 ||| qw: Melee chars always use a shield: true
     0 | D:1      | 0 ||| qw: God list: Okawaru
     0 | D:1      | 0 ||| qw: Allow faded altars: false
     0 | D:1      | 0 ||| qw: Do Orc after clearing Dungeon:15 true
     0 | D:1      | 0 ||| qw: Do second Lair branch before Depths: true
     0 | D:1      | 0 ||| qw: Lair rune preference: random
     0 | D:1      | 0 ||| qw: Goals: Normal
     0 | D:1      | 0 ||| PLANNING D:1-11
    49 | D:1      | Found a faded altar of an unknown god.
   111 | D:1      | Reached XP level 2. HP: 11/17 MP: 2/2
   536 | D:1      | 536 ||| READING 2 scrolls labelled DACAIF XANOWO.
   537 | D:1      | 537 ||| READING 2 scrolls labelled CEKHI ZOTSE.
   538 | D:1      | 538 ||| READING scroll labelled VUOSCH NOWKIKANK.
   539 | D:1      | 539 ||| READING scroll labelled ZAUDGH VUVUSS.
   543 | D:1      | 543 ||| READING scroll labelled GASUF GEANNO.
   544 | D:1      | 544 ||| DROPPING scroll of fog.
   545 | D:1      | 545 ||| DROPPING scroll of butterflies.
   591 | D:2      | Reached XP level 3. HP: 21/21 MP: 3/3
   623 | D:2      | Reached skill level 5 in Ranged Weapons
   756 | D:2      | Reached skill level 3 in Fighting
   794 | D:2      | Found Ynomer's General Store.
   804 | D:2      | 804 ||| BUYING potion of curing (30 gold).
   804 | D:2      | Bought a potion of curing for 30 gold pieces
   804 | D:2      | 804 ||| SHOPLISTING potion of enlightenment (50 gold, have
                  | 44).
   804 | D:2      | 804 ||| SHOPLISTING potion of heal wounds (50 gold, have
                  | 44).
  1139 | D:2      | 1139 ||| READING scroll labelled SORAODOT BUJU.
  1154 | D:2      | 1154 ||| READING scroll labelled EDWOF BUARIWK.
  1193 | D:3      | 1193 ||| STAIRDANCE
  1204 | D:3      | 1204 ||| STAIRDANCE
  1207 | D:2      | Reached XP level 4. HP: 25/28 MP: 4/4
  1220 | D:3      | 1220 ||| STAIRDANCE
  1233 | D:3      | 1233 ||| STAIRDANCE
  1280 | D:3      | Noticed Terence
  1287 | D:3      | Killed Terence
  1419 | D:3      | Found a burning altar of Makhleb.
  1422 | D:3      | Found a basalt altar of Yredelemnul.
  1426 | D:3      | Noticed a scorpion
  1439 | D:3      | Killed a scorpion
  1440 | D:3      | Reached skill level 6 in Ranged Weapons
  1440 | D:3      | Reached XP level 5. HP: 26/32 MP: 5/5
  1603 | D:3      | Noticed Pargi
  1614 | D:3      | Killed Pargi
  1615 | D:3      | Reached XP level 6. HP: 36/39 MP: 6/6
  1737 | D:3      | Noticed Natasha
  1742 | D:3      | 1742 ||| RETREATING.
  1758 | D:3      | Killed Natasha
  1831 | D:3      | Noticed Natasha
  1838 | D:3      | Killed Natasha
  1898 | D:3      | Noticed Natasha
  1905 | D:3      | 1905 ||| Stepping ~*~*~tactically~*~*~ (retreating).
  1906 | D:3      | 1906 ||| Stepping ~*~*~tactically~*~*~ (retreating).
  1915 | D:3      | Killed Natasha
  2134 | D:3      | HP: 4/39 [orc priest/divine providence (15)]
  2135 | D:3      | 2135 ||| READING scroll of teleportation.
  2138 | D:3      | Slain by an orc priest

Levels and vault maps discovered:
D:1:      saegor_arrival_simple_c, layout_basic,
          hellmonk_ecumenical_altar_leap_of_faith
D:2:      layout_basic, serial_shops, nicolae_shop_just_a_little_nook,
          minmay_crystal_room
D:3:      layout_loops_cross, mainiacjoe_overflow_catwalk_spiral, uniq_natasha,
          uniq_pargi, uniq_terence

Skill      XL: |  1  2  3  4  5 |
---------------+----------------+-----
Ranged Weapons | 5 6 |  6.5
Fighting       | 3 4 |  4.6
Dodging        | |  1.5
Stealth        | |  1.1

Action                     |  1- 3 |  4- 6 || total
---------------------------+-------+-------++-------
   Fire: Shortbow          |    91 |   113 ||   204
    Use: Scroll            |     7 |     1 ||     8
 Armour: Leather armour    |    21 |    70 ||    91
  Dodge: Dodged            |    19 |    47 ||    66

Table legend:
 A = Non-vault XP
 B = Vault XP
 C = Vault XP percentage of total XP
 D = Non-vault monster count
 E = Vault monster count
 F = Vault count percentage of total count
                 A         B        C        D         E       F
            +---------+---------+-------+---------+---------+-------
      Total |     270 |     203 |  42.9 |      49 |       3 |   5.8
            +---------+---------+-------+---------+---------+-------
        D:1 |      30 |       0 |   0.0 |      17 |       0 |   0.0
        D:2 |      54 |       0 |   0.0 |      18 |       0 |   0.0
        D:3 |     186 |     203 |  52.2 |      14 |       3 |  17.6
            +---------+---------+-------+---------+---------+-------
